 Dungeon Crawl Stone Soup version 0.25-b1-50-g7b83aa72e5 (webtiles) character file.

Game seed: 9623109126680420729

34 Delamore the Cudgeler (level 3, -2/23 HPs)
             Began as a Gargoyle Fighter on June 12, 2020.
             Slain by Sigmund
             ... wielding a +4 scythe
              (10 damage)
             ... on level 2 of the Dungeon.
             The game lasted 00:00:51 (952 turns).

Delamore the Cudgeler (Gargoyle Fighter)             Turns: 952, Time: 00:00:52

Health: -2/23      AC: 10    Str: 20    XL:     3   Next: 31%
Magic:  3/3        EV:  7    Int:  8    God:
Gold:   57         SH:  0    Dex:  9    Spells: 2/2 levels left

rFire    . . .     SeeInvis .   a - +0 flail
rCold    . . .     Gourm    .   c - +0 kite shield
rNeg     + . .     Faith    .   b - +0 scale mail
rPois    ∞         Spirit   .   (no helmet)
rElec    +         Reflect  .   (no cloak)
rCorr    .         Harm     .   (no gloves)
MR       .....                  (no boots)
Stlth    ..........             (no amulet)
HPRegen  0.07/turn              (no ring)
MPRegen  0.08/turn              (no ring)

@: confused
A: negative energy resistance 1, electricity resistance, unbreathing,
petrification resistance, rot immunity, AC +3
a: no special abilities


You were on level 2 of the Dungeon.
You were not hungry.

You visited 1 branch of the dungeon, and saw 2 of its levels.

You collected 57 gold pieces.

Inventory:

Hand Weapons
 a - a +0 flail (weapon)
Armour
 b - a +0 scale mail (worn)
 c - a +0 kite shield (worn)
Scrolls
 h - a scroll of amnesia {unknown}
Potions
 d - a potion of might
 e - a potion of heal wounds {unknown}
 i - a potion of degeneration {unknown}
Comestibles
 f - 4 rations
 g - 2 chunks of flesh


   Skills:
 - Level 3.2 Fighting
 + Level 3.6 Maces & Flails
 - Level 3.2 Armour
 - Level 3.2 Shields


You had 2 spell levels left.
You didn't know any spells.
Your spell library was empty.

Dungeon Overview and Level Annotations

Branches:
Dungeon (2/15)

Altars:

Annotations:
D:2 Sigmund


Innate Abilities, Weirdness & Mutations

You are resistant to torment.
Your stone body is resilient. (AC +3)
You are immune to poison.
You resist negative energy. (rN+)
You are resistant to electric shocks. (rElec)
You can survive without breathing.
You are immune to petrification.
You are immune to rotting.


Message History

The bat hits you but does no damage. x2; You block Sigmund's attack.
The rat completely misses you.
You thump Sigmund!
Sigmund is severely wounded.
The bat hits you but does no damage. Sigmund gestures at you while chanting.
The magic dart hits you. The rat barely misses you.
Some of the chunks of flesh in your inventory have rotted away.
You hit Sigmund.
Sigmund is severely wounded.
The bat hits you but does no damage.
Sigmund mumbles some strange words.
Sigmund flickers and vanishes!
Deactivating autopickup; reactivate with Ctrl-A.
You block the rat's attack.
You hear some strange, mumbled words.
You are confused.
You miss something. The bat closely misses you.
The rat bites you but does no damage. Something hits you!
You die...

#.# #.## #.#
#..# ..# ##.##
..# #..# ..#
##.# .## #.#
## #.#
######'######
#.....r@{...#
#.....b.....#
#...........#
#...........#
.............#
...#####.#####
... #.. ##.


You could see a bat and a rat.

Vanquished Creatures
  An adder (D:2)
  A leopard gecko (D:1)
  2 bats (D:1)
  A giant cockroach (D:1)
  2 goblins (D:1)
  5 hobgoblins
  3 jackals (D:1)
  2 kobolds
  5 rats
22 creatures vanquished.

Notes
Turn   | Place    | Note
-------+----------+-------------------------------------------
     0 | D:1      | Delamore the Gargoyle Fighter began the quest for the Orb.
     0 | D:1      | Reached XP level 1. HP: 14/14 MP: 1/1
   108 | D:1      | Reached XP level 2. HP: 18/19 MP: 2/2
   788 | D:2      | Reached XP level 3. HP: 23/23 MP: 3/3
   942 | D:2      | Noticed Sigmund
   952 | D:2      | Slain by Sigmund

Illustrated notes

Levels and vault maps discovered:
D:1:      erik_arrival_cave_to_civilisation [erik_arrival_cave_to_hall],
          layout_basic, kennysheep_crisscross, hangedman_decor_clover_reticule
D:2:      layout_basic, trog_book, uniq_sigmund

Skill      XL: |  1  2 |
---------------+-------+-----
Maces & Flails | 3 |  3.6
Fighting       | |  3.2
Armour         | |  3.2
Shields        | |  3.2

Action                   || total
-------------------------++-------
Melee: Flail             ||    86
Armor: Scale mail        ||    57
Dodge: Dodged            ||    27
Block: Kite shield       ||    56
